 Dungeon Crawl Stone Soup version 0.30-a0-422-g946f4849ff (webtiles) character file.

Game seed: 18092867262464621247

106 cforsyth the Chopper (level 4, 0/42 HPs)
             Began as a Hill Orc Monk on Dec 9, 2022.
             Splashed by a jelly's acid (8 damage)
             ... on level 3 of the Dungeon.
             The game lasted 00:02:44 (2500 turns).

cforsyth the Chopper (Hill Orc Monk)                Turns: 2500, Time: 00:02:45

Health: 0/42       AC: -1    Str: 15    XL:     4   Next: 84%
Magic:  4/4        EV: 12    Int: 10    God:
Gold:   182        SH:  7    Dex: 13    Spells: 3/3 levels left

rFire   . . .      SeeInvis .    a - +0 hand axe
rCold   . . .      Faith    .    p - +0 kite shield
rNeg    . . .      Spirit   .    i - +0 scale mail
rPois   .          Reflect  .    (no helmet)
rElec   .          Harm     .    (no cloak)
rCorr   .          Rampage  .    (no gloves)
Will    .....                    (no boots)
Stlth   ..........               (no amulet)
HPRegen 0.27/turn                f - +4 ring of evasion
MPRegen 0.09/turn                (no ring)

@: corroded
A: no striking features
a: no special abilities


You were on level 3 of the Dungeon.
You visited 1 branch of the dungeon, and saw 3 of its levels.

You collected 182 gold pieces.

Inventory:

Hand Weapons
 a - a +0 hand axe (weapon)
Armour
 i - a +0 scale mail (worn)
 p - a +0 kite shield (worn)
Jewellery
 f - a +4 ring of evasion (left hand)
 o - an amulet of faith
 t - a ring of fire
Wands
 b - a wand of roots (4)
Scrolls
 g - a scroll of magic mapping {unknown}
 h - a scroll of noise {unknown}
 k - a scroll of identify {unknown}
 n - a scroll of blinking {unknown}
 q - a scroll of enchant weapon {unknown}
 s - a scroll of poison {unknown}
Potions
 c - a potion of ambrosia
 d - 3 potions of mutation {unknown}
 e - 3 potions of heal wounds {unknown}
 j - a potion of curing {unknown}
 l - 2 potions of degeneration {unknown}
 m - a potion of haste {unknown}
 r - a potion of brilliance {unknown}


   Skills:
 + Level 5.2 Fighting
 + Level 5.7 Axes
 + Level 0.0 Armour
 - Level 2.4 Dodging
 - Level 1.5 Stealth
 + Level 0.0 Shields


You had 3 spell levels left.
You didn't know any spells.
Your spell library was empty.

Dungeon Overview and Level Annotations

Branches:
Dungeon (3/15)

Altars:
Sif Muna

Annotations:
D:2 1 runed translucent door, Crazy Yiuf


Message History

No target in view!
No target in view!
No target in view!
No target in view!
You see here a +0 dagger.
A jelly comes into view.
Found a scroll labelled TEUPPE QUILE.
You block the jelly's attack.
You hit the jelly.
Your hands burn!
The jelly is lightly wounded.
The jelly hits you but does no damage.
You hit the jelly but do no damage. The acid corrodes you!
Your hands burn!
The jelly is lightly wounded.
The jelly misses you.
You hit the jelly.
Your hands burn!
The jelly is moderately wounded.
The jelly hits you. The acid corrodes you!
You are splashed with acid!
The jelly barely misses you.
You hit the jelly but do no damage.
Your hands burn!
The jelly is moderately wounded.
You block the jelly's attack.
You slash the jelly!
Your hands burn!
The jelly is severely wounded.
The jelly closely misses you.
You completely miss the jelly.
The jelly is severely wounded.
The jelly hits you.
You are splashed with acid!
You are too injured to fight recklessly!
You are too injured to fight recklessly!
You are too injured to fight recklessly!
You are too injured to fight recklessly!
You are too injured to fight recklessly!
You are too injured to fight recklessly!
You are too injured to fight recklessly!
You hit the jelly. The acid corrodes you!
Your hands burn!
* * * LOW HITPOINT WARNING * * *
The jelly is almost dead.
The jelly hits you.
* * * LOW HITPOINT WARNING * * *
You are splashed with acid!
You die...

#.# #.#
#.# #.#
#.# #.#
#.#
####.#
#.J@.#
#....#
#.....?
####...#
#...#
#...#
#.### .#


You could see a jelly.

Vanquished Creatures
  Jessica (D:2)
  3 adders (D:2)
  A worm (D:2)
  2 dart slugs
  6 bats
  4 endoplasms
  2 giant cockroaches (D:1)
  3 goblins
  7 hobgoblins
  7 kobolds
  3 quokkas (D:1)
  2 ball pythons (D:2)
  2 frilled lizards (D:1)
  4 rats
47 creatures vanquished.

Notes
Turn   | Place    | Note
-------+----------+-------------------------------------------
     0 | D:1      | cforsyth the Hill Orc Monk began the quest for the Orb.
     0 | D:1      | Reached XP level 1. HP: 19/19 MP: 1/1
   111 | D:1      | Reached XP level 2. HP: 17/27 MP: 2/2
   542 | D:1      | Reached XP level 3. HP: 28/34 MP: 3/3
   974 | D:2      | Reached skill level 5 in Axes
  1209 | D:2      | Reached XP level 4. HP: 33/41 MP: 4/4
  1745 | D:2      | Noticed Jessica
  1751 | D:2      | Reached skill level 5 in Fighting
  1755 | D:2      | Killed Jessica
  2082 | D:2      | Found a runed translucent door.
  2083 | D:2      | Noticed Crazy Yiuf
  2408 | D:3      | Found a shimmering blue altar of Sif Muna.
  2500 | D:3      | Splashed by a jelly's acid

Illustrated notes

Levels and vault maps discovered:
D:1:      dpeg_arrival_arbitrary_c, layout_basic
D:2:      layout_basic, minmay_fountain_box, corexii_corridor_pit,
          uniq_crazy_yiuf_cottage, uniq_jessica
D:3:      layout_basic, nicolae_sif_muna_little_library

Skill      XL: |  1  2  3  4 |
---------------+-------------+-----
Fighting       | 4 5 |  5.2
Axes           | 5 |  5.7
Dodging        | |  2.4
Stealth        | |  1.5

Action                   |  1- 3 |  4- 6 || total
-------------------------+-------+-------++-------
Melee: Hand axe          |   119 |    72 ||   191
       Punch             |     2 |       ||     2
Armor: Robe              |    13 |       ||    13
       Scale mail        |    29 |    19 ||    48
Dodge: Dodged            |   113 |    45 ||   158
Block: Kite shield       |       |     9 ||     9

Table legend: (Time is in decaauts)
 A = Elapsed time spent in this place.
 B = Non-inter-level travel time spent in this place.
 C = Inter-level travel time spent in this place.
 D = Time resting spent in this place.
 E = Time spent auto-exploring this place.
 F = Levels seen in this place.
 G = Mean time per level.
                   A        B        C        D        E       F      G
               +--------+--------+--------+--------+--------+-----+--------+
         Total |   2515 |   2405 |    110 |     24 |   1996 |   3 |  838.3 |
       Dungeon |   2515 |   2405 |    110 |     24 |   1996 |   3 |  838.3 |
               +--------+--------+--------+--------+--------+-----+--------+

Top non-repeatable levels by time:
     D:2: 1337 daAuts
     D:1: 963 daAuts
     D:3: 214 daAuts
